cohdb
Replays
Latest Replays
All Replays
Popular Replays
Top Player Replays
Match Explorer
How It Works
Community
CoH3 Stats
Reddit
Sign in to upload your games and track your stats! →
Sign in with Steam
Match 35569958
Unlisted
Match 35569958
Overview
Messages
Build Orders
End
Construct Infanterie Kompanie
Pioneer Squad
Selects Mechanized Battlegroup
MG 42 Machine Gun Team
GrW 34 Mortar Team
Medical Station
GrW 34 Mortar Team
Infanterie Officer Quarters
MG 42 Machine Gun Team
Construct Panzergrenadier Kompanie
Selects Raid Package
Support Elements
Nebelwerfer 42 Rocket Launcher Team
Nebelwerfer 42 Rocket Launcher Team
Panzergrenadier Officer Quarters
Pioneer Squad
Selects 8 Rad Armored Car
8 Rad Armored Car
8 Rad Armored Car
StuG III G Assault Gun
Nebelwerfer 42 Rocket Launcher Team
Construct Panzer Kompanie
Side Skirts
Panzer Officer Quarters
MG 42 Bunker
MG 42 Bunker
Panzer IV Medium Tank
Selects Panther Heavy Tank
Selects Spotting Scopes
MG 42 Bunker
bjornagain1963
BUL
Rasen Sama
SergroZhno
DibbeTC
Mad Mac
0
0
Comments
sign in to comment!
No comments posted yet!